Map: Deathaura LE

Players

rottenorange - Winner!

  • Race: Zerg Zerg
  • League: Bronze
  • Spawn Location: 5:00

itsDani

  • Race: Protoss Protoss
  • League: Platinum
  • Spawn Location: 11:00

VOD

Have the link to the VOD?

Description

Time

  • Played on: Oct. 8, 2020, 4:16 p.m.
  • Length: 5:42
Show
View Real Time Build Order
Export as new Build Order

rottenorange Zerg - Winner!

Build Orders: Hatch First 

Get SALT Encoding   

  12  0:02  Drone  
  13  0:13  Overlord  
  13  0:19  Drone  
  14  0:32  Drone  
  14  0:33  Drone  
  16  0:38  Drone  
  17  0:55  Hatchery  
  16  1:01  Drone  
  16  1:02  Drone  
  18  1:16  Extractor  
  17  1:21  Spawning Pool  
  17  1:22  Drone x2  
  18  1:32  Drone  
  19  1:46  Drone  
  20  1:55  Overlord  
  20  2:16  Queen  
  20  2:17  Queen  
  20  2:20  Zergling x4  
  26  2:25  Metabolic Boost  
  26  2:28  Drone x2  
  26  2:29  Drone  
  29  2:41  Zergling x2  
  30  3:13  Queen  
  30  3:18  Drone x4  
  36  3:21  Overlord x2  
  36  3:27  Lair  
  34  3:53  Zergling x2  
  34  3:54  Zergling x12  
  40  4:31  Extractor  
  39  4:32  Drone x3  
  41  4:53  Zergling x8  
  41  4:54  Zergling x14  
  52  5:17  Overlord x4  
  52  5:18  Overlord  
  52  5:29  Drone  
Show
View Real Time Build Order
Export as new Build Order

itsDani Protoss 

Build Orders: 1 Gate Expand, Oracle Opening 

Get SALT Encoding   

  12  0:00  Probe  
  13  0:12  Probe  
  14  0:19  Pylon  
  14  0:24  Probe  
  15  0:37  Probe  
  16  0:44  Gateway  
  17  0:50  Probe  
  17  0:57  Assimilator  
  17  1:02  Probe  
  18  1:15  Probe (Chrono Boost)  
  20  1:27  Probe (Chrono Boost)  
  20  1:28  Nexus  
  20  1:37  Cybernetics Core  
  20  1:42  Probe  
  21  1:53  Pylon  
  21  1:56  Probe  
  21  2:00  Assimilator  
  22  2:09  Probe  
  23  2:23  Probe  
  23  2:28  Stargate  
  24  2:39  Probe (Chrono Boost)  
  24  2:42  Probe (Chrono Boost)  
  26  2:50  Probe (Chrono Boost)  
  26  2:51  Stalker (Chrono Boost), Warp Gate  
  26  2:55  Probe x2 (Chrono Boost)  
  30  3:05  Pylon  
  30  3:07  Probe x2  
  32  3:22  Gateway  
  32  3:25  Assimilator, Probe x2  
  34  3:27  Assimilator  
  34  3:28  Oracle  
  37  3:35  Stalker (Chrono Boost)  
  37  3:37  Probe x2  
  41  3:46  Pylon  
  38  4:02  Stalker (Chrono Boost)  
  40  4:30  Probe (Chrono Boost)  
  42  4:36  Probe (Chrono Boost)  
  38  4:38  Gateway  
  38  4:40  Probe (Chrono Boost)  
  38  4:44  Zealot x2, Probe (Chrono Boost)  
  41  4:52  Pylon  
  34  4:57  Gateway  
  29  5:01  Pylon  
  29  5:06  Pylon  
  26  5:22  Probe  
Tags
 
Add a new tag
Caveats
  • Supply blocks, unpowered buildings, or Contaminate may cause inaccurate times.
  • Supply counts are checked every 10 seconds.